 Dungeon Crawl Stone Soup version 0.29-a0-330-g52719c12eb (webtiles) character file.

Game seed: 799801094104174122

259 kae the Firebug (level 5, -2/38 HPs)
             Began as a Demigod Fire Elementalist on May 19, 2022.
             Slain by a white imp (7 damage)
             ... summoned by Natasha
             ... on level 2 of the Dungeon.
             The game lasted 00:01:14 (1943 turns).

kae the Firebug (Demigod Fire Elementalist)         Turns: 1943, Time: 00:01:14

Health: -2/38      AC:  2    Str:  9    XL:     5   Next: 62%
Magic:  0/14       EV: 12    Int: 21    God:
Gold:   113        SH:  0    Dex: 14    Spells: 3/12 levels left

rFire   + . .      SeeInvis .   e - staff of earth
rCold   x . .      Faith    .   (no shield)
rNeg    . . .      Spirit   +   a - +0 robe
rPois   .          Reflect  .   (no helmet)
rElec   .          Harm     .   (no cloak)
rCorr   .          Rampage  .   (no gloves)
Will    .....                   (no boots)
Stlth   ++........              f - amulet of guardian spirit
HPRegen 0.12/turn               c - ring of fire
MPRegen 0.14/turn               (no ring)

@: flying, slowed, very slow
A: high MP 1, forlorn, divine attributes
a: no special abilities


You were on level 2 of the Dungeon.
You visited 1 branch of the dungeon, and saw 2 of its levels.

You collected 113 gold pieces.

Inventory:

Armour
 a - a +0 robe (worn)
Magical Staves
 e - a staff of earth (weapon)
Jewellery
 c - a ring of fire (left hand)
 f - an amulet of guardian spirit (around neck)
Scrolls
 h - a scroll of enchant armour {unknown}
Potions
 b - a potion of magic


   Skills:
 - Level 1.7 Dodging
 - Level 1.7 Stealth
 + Level 4.0 Spellcasting
 * Level 5.8 Conjurations
 * Level 6.4 Fire Magic


You had 3 spell levels left.
You knew the following spells:

 Your Spells              Type           Power      Damage    Failure   Level
a - Foxfire               Conj/Fire      100%       2x1d9     1%          1
b - Scorch                Fire           92%        2d9       1%          2
c - Conjure Flame         Conj/Fire      44%        6-21      3%          3
d - Inner Flame           Hex/Fire       26%        N/A       10%         3

Your spell library contained the following spells:

 Spells                   Type           Power      Damage    Failure   Level
 Summon Small Mammal      Summ           16%        N/A       12%         1
 Corpse Rot               Necr/Air       8%         N/A       19%         2
 Poisonous Vapours        Pois/Air       8%         N/A       19%         2
 Flame Wave               Conj/Fire      44%        2d10      10%         4


Dungeon Overview and Level Annotations

Branches:
Dungeon (2/15)

Annotations:
D:1 exclusion: gnoll
D:2 Natasha


Innate Abilities, Weirdness & Mutations

You have an increased reservoir of magic. (+10% MP)
You shall have no god before yourself.
Your divine heritage dramatically boosts your attributes as you level up.


Message History

You feel a surge of power!
You conjure some foxfire!
The white imp hits you. The white imp freezes you.
You feel a terrible chill! Natasha closely misses you.
The foxfire hits Natasha.
Natasha is almost dead.
The foxfire hits the white imp!
The white imp is burned terribly!
The white imp is almost dead.
Natasha misses you. The white imp gestures at you. The puff of frost hits you!
You feel a terrible chill!
Natasha drinks a potion.
Natasha is healed!
The white imp barely misses you.
Casting: Foxfire (safe; 1% risk of failure)
Confirm with . or Enter, or press ? or * to list all spells.
You feel a surge of power!
You conjure some foxfire!
The crimson imp hits you. The white imp gestures at you.
The puff of frost hits you!
You feel a terrible chill!
* * * LOW HITPOINT WARNING * * *
Natasha misses you.
The foxfire hits the crimson imp.
The crimson imp completely resists.
The foxfire hits the crimson imp.
The crimson imp completely resists.
Natasha zaps a wand.
You resist with some effort. The white imp closely misses you.
The crimson imp hits you.
* * * LOW HITPOINT WARNING * * *
The crimson imp closely misses you.
Natasha zaps a wand.
You resist with some effort. The white imp barely misses you.
It was a potion of flight.
You feel very buoyant.
You fly up into the air.
The crimson imp blinks!
The white imp misses you. Natasha claws you but does no damage.
Okay, then.
As you read the scroll labelled BABLI RIOGO, it crumbles to dust.
It is a scroll of amnesia.
Really abort (and waste the scroll)?
Okay, then.
The crimson imp blinks!
The white imp barely misses you. Natasha claws you.
* * * LOW HITPOINT WARNING * * *
The white imp hits you.
* * * LOW HITPOINT WARNING * * *
The white imp freezes you!
You feel a terrible chill!
You die...

.##..#.##..............)......##.
....#..............§.............
.##.....#..................#.[##.
#...#.#..#####...###.##..#..##.
#........# #...# #.).........
#.......## #...# ####.###.##.
#####.### #...# #.###.##.
.######.########§..### #.....##.
...............)@h..?# ########.
.#####.#<#...#...5...# #.
#..###..#.......# #. #.#
♣.P♣.......... #. #.
♣≈♣♣♣......### ## .. ♣≈. ♣....†.#
.## ♣≈♣ .....#.# #. ♣≈P ♣♣♣♣...#
≈.


You could see Natasha and a white imp (summoned).

Vanquished Creatures
  Sigmund (D:2)
  2 adders (D:2)
  3 ball pythons (D:1)
  5 bats (D:1)
  2 endoplasms (D:1)
  4 giant cockroaches
  8 hobgoblins
  7 jackals
  4 kobolds (D:1)
  3 quokkas
  2 frilled lizards (D:1)
  4 goblins
  A rat (D:1)
46 creatures vanquished.

Vanquished Creatures (collateral kills)
  A foxfire (D:2)
1 creature vanquished.

Vanquished Creatures (others)
  149 foxfires
  2 plants (D:2)
151 creatures vanquished.

Grand Total: 198 creatures vanquished

Notes
Turn   | Place    | Note
-------+----------+-------------------------------------------
     0 | D:1      | kae the Demigod Fire Elementalist began the quest for the
                  | Orb.
     0 | D:1      | Reached XP level 1. HP: 14/14 MP: 5/5
     8 | D:1      | Reached skill level 1 in Conjurations
   275 | D:1      | Reached XP level 2. HP: 20/20 MP: 5/7
   282 | D:1      | Reached skill level 3 in Fire Magic
   442 | D:1      | Got Plato's Collected Works on Companions
   970 | D:1      | Reached skill level 5 in Conjurations
   970 | D:1      | Reached skill level 6 in Fire Magic
   970 | D:1      | Reached XP level 3. HP: 15/26 MP: 2/11
  1275 | D:1      | Learned a level 2 spell: Scorch
  1480 | D:2      | Reached XP level 4. HP: 33/33 MP: 7/12
  1484 | D:2      | Learned a level 3 spell: Conjure Flame
  1488 | D:2      | Learned a level 3 spell: Inner Flame
  1825 | D:2      | Noticed Sigmund
  1829 | D:2      | Killed Sigmund
  1830 | D:2      | Reached XP level 5. HP: 38/38 MP: 8/14
  1927 | D:2      | Noticed Natasha
  1943 | D:2      | Slain by a white imp

Illustrated notes

Levels and vault maps discovered:
D:1:      grunt_arrival_lava_bath, layout_loops_ring,
          shapermc_ecumenical_altar_rom_forum, hangedman_feature_mirror,
          minmay_liquid_box
D:2:      layout_loops_cross, basic_altar, serial_bayou_crossing, uniq_natasha,
          uniq_sigmund

Skill      XL: |  1  2  3  4 |
---------------+-------------+-----
Conjurations   | 1 5 |  5.8
Fire Magic     | 6 |  6.4
Spellcasting   | 3 4 |  4.0
Dodging        | |  1.7
Stealth        | |  1.7

Action                   |  1- 3 |  4- 6 || total
-------------------------+-------+-------++-------
Melee: Staff             |    19 |       ||    19
 Cast: Foxfire           |    66 |    30 ||    96
       Scorch            |     1 |     2 ||     3
  Use: Potion            |     3 |     1 ||     4
       Scroll            |       |     1 ||     1
Armor: Robe              |    16 |     2 ||    18
Dodge: Dodged            |    50 |    17 ||    67

Table legend: (Time is in decaauts)
 A = Elapsed time spent in this place.
 B = Non-inter-level travel time spent in this place.
 C = Inter-level travel time spent in this place.
 D = Time resting spent in this place.
 E = Time spent auto-exploring this place.
 F = Levels seen in this place.
 G = Mean time per level.
                   A        B        C        D        E       F      G
               +--------+--------+--------+--------+--------+-----+--------+
         Total |   1951 |   1937 |     14 |      0 |   1586 |   2 |  975.5 |
       Dungeon |   1951 |   1937 |     14 |      0 |   1586 |   2 |  975.5 |
               +--------+--------+--------+--------+--------+-----+--------+

Top non-repeatable levels by time:
     D:1: 1449 daAuts
     D:2: 501 daAuts
